 Dungeon Crawl Stone Soup version 0.23.2-1-ga50397a (webtiles) character file.

Game seed: 10538696272647651423

93 Iscandelvey the Vexing (level 4, 16/33 HPs)
             Began as a Demonspawn Arcane Marksman on Apr 15, 2019.
             Quit the game on level 3 of the Dungeon.
             The game lasted 00:01:19 (2236 turns).

Iscandelvey the Vexing (Demonspawn Arcane Marksman) Turns: 2236, Time: 00:01:20

Health: 16/33      AC:  4    Str: 11    XL:     4   Next: 36%
Magic:  5/5        EV: 12    Int: 15    God:
Gold:   123        SH:  0    Dex: 13    Spells: 4/5 levels left

rFire    . . .     SeeInvis .   a - +0 hand crossbow
rCold    . . .     Gourm    .   (no shield)
rNeg     . . .     Faith    .   e - +0 robe
rPois    .         Spirit   .   (no helmet)
rElec    .         Reflect  .   (no cloak)
rCorr    .         Harm     .   (no gloves)
MR       .....                  (no boots)
Stlth    ++........             (no amulet)
HPRegen  0.11/turn              (no ring)
MPRegen  0.09/turn              (no ring)

@: no status effects
A: yellow scales 1, spiny 2
a: no special abilities


You were on level 3 of the Dungeon.
You were not hungry.

You visited 1 branch of the dungeon, and saw 3 of its levels.

You collected 123 gold pieces.

Inventory:

Hand Weapons
 a - a +0 hand crossbow (weapon)
Missiles
 d - 19 bolts (quivered)
Armour
 e - a +0 robe (worn)
Jewellery
 m - an uncursed ring of magical power {unknown}
Scrolls
 b - 5 scrolls of teleportation {unknown}
 g - a scroll of fear {unknown}
 h - 2 scrolls of noise {unknown}
 j - a scroll of immolation {unknown}
 l - a scroll of remove curse {unknown}
 o - a scroll of enchant armour {unknown}
Potions
 c - 2 potions of might {unknown}
 i - a potion of curing {unknown}
 k - a potion of berserk rage {unknown}
Comestibles
 f - 5 rations
 n - 2 chunks of flesh


   Skills:
 + Level 2.2 Fighting
 + Level 2.9 Crossbows
 + Level 2.3 Dodging
 + Level 0.9 Stealth
 + Level 1.0 Spellcasting
 + Level 3.3 Hexes


You had 4 spell levels left.
You knew the following spells:

 Your Spells              Type           Power        Failure   Level  Hunger
a - Corona                Hex            ##.....      6%          1    ##.....

Your spell library contained the following spells:

 Spells                   Type           Power        Failure   Level  Hunger
 Slow                     Hex            ##......     10%         2    ###....
 Inner Flame              Hex/Fire       #.......     36%         3    ####...
 Portal Projectile        Hex/Tloc       #.....       36%         3    ####...
 Cause Fear               Hex            ##........   52%         4    #####..
 Leda's Liquefaction      Hex/Erth       #.........   77%         4    #####..


Dungeon Overview and Level Annotations

Branches:
Dungeon (3/15)

Altars:


Innate Abilities, Weirdness & Mutations

You are partially covered in yellow scales. (AC +2)
You are mostly covered in sharp spines.


Message History

Ijyb is nearby!
Firing (i - inventory)
d - 21 bolts (quivered)
Press: ? - help, Shift-Dir - straight line, f/p - Ijyb
Aim: Ijyb, wielding a +0 club, wearing a +0 scale mail and carrying a wand of random effects (16) (severely wounded)
You shoot a bolt. The bolt hits Ijyb.
Ijyb is almost dead.
Ijyb misses you.
Firing (i - inventory)
d - 20 bolts (quivered)
Press: ? - help, Shift-Dir - straight line, f/p - Ijyb
Aim: Ijyb, wielding a +0 club, wearing a +0 scale mail and carrying a wand of random effects (16) (almost dead)
You shoot a bolt. The bolt hits Ijyb.
You kill Ijyb!
Your Fighting skill increases to level 2!
You have reached level 4!
You feel stronger.
Your demonic ancestry asserts itself...
Yellow scales grow over part of your body.
Firing (i - inventory)
d - 19 bolts (quivered)
Press: ? - help, Shift-Dir - straight line, f - you
Okay, then.
Are you sure you want to abandon this character and quit the game? (Confirm with "yes".)

######.#####
#####......##
#(....#.#...#
#.#. # #...#
###.. ###.###
..(. #...#
#..# ###รท#
#.)# #.#
#.@### ###.#
#....# #...#
#....###
###.###
####...#
#...#
###.###.###
#.....#
##.#.## #...#
###.######..


There were no monsters in sight!

Vanquished Creatures
  Ijyb (D:3)
  An adder (D:2)
  An ooze (D:2)
  A dart slug (D:1)
  3 leopard geckos (D:1)
  3 giant cockroaches
  7 goblins
  4 hobgoblins
  4 jackals (D:3)
  6 bats
  4 frilled lizards
  7 kobolds
  8 rats
50 creatures vanquished.

Notes
Turn   | Place    | Note
-------+----------+-------------------------------------------
     0 | D:1      | Iscandelvey the Demonspawn Arcane Marksman began the quest
                  | for the Orb.
     0 | D:1      | Reached XP level 1. HP: 15/15 MP: 2/2
    67 | D:1      | Gained mutation: You are partially covered in sharp spines.
                  | [demonic ancestry]
    67 | D:1      | Reached XP level 2. HP: 21/21 MP: 3/3
   898 | D:2      | Gained mutation: You are mostly covered in sharp spines.
                  | [demonic ancestry]
   898 | D:2      | Reached XP level 3. HP: 26/26 MP: 4/4
  2212 | D:3      | Noticed Ijyb
  2235 | D:3      | Killed Ijyb
  2235 | D:3      | Gained mutation: You are partially covered in yellow
                  | scales. (AC +2) [demonic ancestry]
  2235 | D:3      | Reached XP level 4. HP: 16/33 MP: 5/5
  2236 | D:3      | Quit the game

Skill      XL: |  1  2  3 |
---------------+----------+-----
Dodging        | 2 |  2.3
Crossbows      | 2 |  2.9
Fighting       | 2 |  2.2
Stealth        | |  0.9
Spellcasting   | |  1.0
Hexes          | |  3.3

Action                   |  1- 3 |  4- 6 || total
-------------------------+-------+-------++-------
 Fire: Hand crossbow     |   120 |       ||   120
  Eat: Chunk             |     4 |       ||     4
Armor: Robe              |     3 |       ||     3
Dodge: Dodged            |    30 |       ||    30
